Map: 뉴커크 재개발 지구 - 토너먼트 (공허의 유산)

Players

TYTY (TY) - Winner!

  • Race: Terran Terran
  • Spawn Location: 5:00

Stats

  • Race: Protoss Protoss
  • Spawn Location: 7:00

Event: IEM XI Katowice - World Championship 2017

VOD

https://www.youtube.com/watch?v=p7gFWVAAxtc

Description

Time

  • Played on: March 2, 2017, 12:50 a.m.
  • Length: 9:46

All games in this series

Show
View Real Time Build Order
Export as new Build Order

TYTY Terran - Winner!

Build Orders: Reaper Expand, MMM Bio 

Get SALT Encoding   

  12  0:00  SCV  
  13  0:12  SCV  
  14  0:17  Supply Depot  
  14  0:24  SCV  
  15  0:29  Refinery  
  15  0:39  SCV  
  16  0:46  Barracks  
  16  0:51  SCV  
  17  1:03  SCV  
  18  1:15  SCV  
  19  1:32  Orbital Command  
  19  1:33  Reaper  
  20  1:48  Command Center  
  20  1:58  SCV  
  21  2:02  Factory  
  21  2:07  Barracks Reactor  
  21  2:10  SCV  
  22  2:16  Supply Depot  
  22  2:21  Refinery  
  22  2:23  SCV  
  23  2:38  SCV  
  23  2:47  Starport  
  23  2:50  SCV  
  24  2:55  Hellion x2  
  28  3:00  Orbital Command  
  28  3:02  Marine  
  29  3:06  SCV  
  30  3:16  Widow Mine  
  30  3:17  Widow Mine  
  30  3:18  SCV  
  35  3:24  Medivac  
  35  3:26  SCV  
  38  3:30  Barracks Tech Lab  
  38  3:33  SCV  
  39  3:38  SCV  
  40  3:44  Supply Depot, Widow Mine  
  40  3:46  Widow Mine  
  42  3:50  SCV x2  
  42  3:55  Medivac  
  44  3:56  Marine  
  44  4:02  SCV  
  46  4:05  SCV  
  47  4:11  Supply Depot  
  47  4:13  Widow Mine  
  47  4:14  Widow Mine, SCV  
  47  4:16  Marine  
  52  4:17  SCV  
  52  4:20  Stimpack  
  53  4:27  SCV  
  54  4:35  SCV  
  56  4:39  SCV  
  56  4:41  Widow Mine  
  56  4:43  Widow Mine  
  59  4:47  Viking, SCV, Barracks  
  59  4:50  Barracks  
  59  4:51  Supply Depot, SCV  
  62  4:54  Engineering Bay  
  62  4:59  Marine  
  62  5:00  SCV  
  62  5:13  SCV x2  
  68  5:17  Marine  
  69  5:25  SCV  
  69  5:27  Supply Depot  
  69  5:28  Supply Depot x2  
  66  5:29  Supply Depot, Starport Reactor  
  66  5:31  SCV  
  66  5:35  Marine  
  65  5:36  Barracks Reactor  
  65  5:37  Barracks x2  
  65  5:40  Factory Reactor  
  65  5:41  SCV  
  64  5:43  SCV  
  64  5:47  Marine x2  
  67  5:53  Marine  
  67  5:54  Terran Infantry Weapons Level 1  
  67  5:55  Refinery  
  67  5:56  Refinery  
  68  5:59  Missile Turret  
  66  6:05  Marine  
  66  6:06  Marine  
  66  6:07  Medivac x2  
  66  6:11  Marine  
  73  6:13  Missile Turret  
  73  6:15  Marine x2  
  73  6:16  Widow Mine  
  73  6:17  Widow Mine  
  77  6:23  Marine  
  77  6:24  Marine  
  81  6:28  Marine, Barracks Tech Lab x2  
  81  6:31  Combat Shields  
  80  6:33  Marine x2  
  80  6:41  Marine  
  80  6:42  Marine  
  80  6:46  Command Center  
  86  6:47  Marauder  
  86  6:48  Marauder  
  86  6:52  Marine x3  
  87  6:54  Medivac x2  
  87  6:59  Marine  
  87  7:00  Marine  
  97  7:12  Marine x3  
  96  7:15  Supply Depot  
  96  7:16  Supply Depot, Marauder x2  
  96  7:17  Supply Depot, Marine  
  101  7:26  Concussive Shells  
  101  7:35  Marine  
  101  7:36  Widow Mine x2  
  102  7:37  Marine x4, Medivac x2  
  102  7:42  Supply Depot  
  114  7:45  SCV x2  
  114  7:49  Marine x2  
  117  7:54  Marine  
  117  7:55  Marine, Marauder  
  121  8:03  SCV  
  122  8:07  Marauder  
  122  8:10  Marine x3  
  122  8:12  Marine, Widow Mine x2  
  112  8:16  Marine x2  
  110  8:20  Medivac  
  110  8:21  Medivac  
  110  8:22  Orbital Command  
  110  8:28  Marine x3  
  110  8:31  Marine x2  
  109  8:37  Marine x2  
  101  8:46  Marine x3, Orbital Command  
  101  8:48  SCV x2  
  101  8:49  Marine x2  
  101  8:54  Widow Mine x2  
  101  8:55  Marine x2  
  102  9:03  Marine  
  102  9:04  SCV  
  104  9:12  Marine x2  
  106  9:18  Marine x2  
  106  9:21  Marine x3  
  106  9:23  SCV  
  103  9:39  Armory, Engineering Bay  
Show
View Real Time Build Order
Export as new Build Order

Stats Protoss 

Build Orders: 1 Gate Expand, Oracle Opening, Phoenix Opening 

Get SALT Encoding   

  12  0:01  Probe (Chrono Boost)  
  13  0:11  Probe (Chrono Boost)  
  14  0:18  Pylon  
  14  0:22  Probe (Chrono Boost)  
  15  0:36  Probe (Chrono Boost)  
  15  0:37  Gateway  
  15  0:42  Assimilator  
  16  0:46  Probe (Chrono Boost)  
  17  0:57  Probe (Chrono Boost)  
  18  1:08  Probe (Chrono Boost)  
  19  1:19  Nexus  
  19  1:29  Cybernetics Core  
  19  1:32  Probe (Chrono Boost)  
  20  1:37  Assimilator  
  20  1:43  Probe (Chrono Boost)  
  21  1:50  Pylon  
  21  1:53  Probe (Chrono Boost)  
  22  2:04  Adept  
  26  2:11  Warp Gate  
  26  2:28  Stargate, Adept  
  26  2:29  Probe (Chrono Boost)  
  25  2:34  Probe (Chrono Boost)  
  28  2:41  Probe (Chrono Boost)  
  29  2:44  Probe (Chrono Boost)  
  30  2:52  Probe (Chrono Boost)  
  30  2:55  Probe (Chrono Boost)  
  32  3:03  Probe (Chrono Boost)  
  34  3:05  Probe (Chrono Boost)  
  34  3:06  Oracle  
  37  3:15  Probe (Chrono Boost)  
  37  3:16  Probe (Chrono Boost)  
  39  3:20  Nexus  
  39  3:24  Pylon  
  39  3:27  Probe (Chrono Boost)  
  40  3:30  Probe (Chrono Boost)  
  41  3:38  Probe (Chrono Boost)  
  41  3:39  Phoenix  
  43  3:43  Probe (Chrono Boost)  
  45  3:53  Probe (Chrono Boost)  
  45  3:55  Probe (Chrono Boost)  
  47  3:56  Gateway  
  47  4:00  Gateway  
  47  4:03  Pylon  
  47  4:05  Probe (Chrono Boost)  
  47  4:07  Probe (Chrono Boost)  
  47  4:09  Phoenix  
  49  4:16  Probe (Chrono Boost)  
  52  4:19  Assimilator, Probe (Chrono Boost)  
  52  4:23  Assimilator  
  53  4:31  Phoenix  
  52  4:39  Probe (Chrono Boost)  
  52  4:40  Probe x2 (Chrono Boost)  
  55  4:50  Mothership Core (Chrono Boost)  
  55  4:52  Phoenix, Probe x2 (Chrono Boost)  
  61  5:02  Probe (Chrono Boost)  
  61  5:05  Probe (Chrono Boost)  
  61  5:06  Twilight Council  
  63  5:07  Forge  
  63  5:08  Probe (Chrono Boost)  
  63  5:13  Probe (Chrono Boost)  
  65  5:16  Phoenix  
  65  5:17  Probe (Chrono Boost)  
  65  5:19  Probe (Chrono Boost)  
  61  5:36  Probe x2 (Chrono Boost)  
  61  5:37  Probe (Chrono Boost)  
  61  5:40  Phoenix  
  57  5:52  Probe x2 (Chrono Boost)  
  57  5:53  Protoss Ground Weapons Level 1, Probe (Chrono Boost)  
  57  5:54  Resonating Glaives  
  60  6:00  Oracle  
  60  6:04  Probe (Chrono Boost)  
  60  6:06  Probe (Chrono Boost)  
  60  6:09  Probe (Chrono Boost)  
  66  6:15  Probe (Chrono Boost)  
  66  6:18  Probe (Chrono Boost)  
  66  6:21  Probe (Chrono Boost)  
  66  6:23  Pylon  
  68  6:25  Probe (Chrono Boost)  
  68  6:30  Pylon, Probe (Chrono Boost)  
  69  6:33  Probe (Chrono Boost)  
  69  6:36  Probe (Chrono Boost)  
  69  6:39  Phoenix  
  71  6:42  Probe (Chrono Boost)  
  71  6:46  Probe (Chrono Boost)  
  71  6:47  Probe (Chrono Boost)  
  77  6:54  Probe (Chrono Boost)  
  77  6:55  Gateway x2  
  77  6:58  Gateway  
  77  7:04  Sentry x3  
  83  7:10  Probe x2 (Chrono Boost)  
  83  7:12  Probe (Chrono Boost)  
  83  7:13  Pylon  
  86  7:15  Pylon  
  86  7:23  Robotics Facility  
  86  7:24  Probe x2 (Chrono Boost)  
  86  7:26  Probe (Chrono Boost)  
  86  7:28  Adept  
  86  7:29  Adept  
  93  7:31  Adept  
  93  7:33  Protoss Ground Armor Level 1  
  95  7:37  Gateway  
  95  7:38  Gateway  
  95  7:42  Pylon  
  95  7:49  Phoenix  
  95  7:55  Probe (Chrono Boost)  
  95  7:57  Probe x2 (Chrono Boost)  
  100  7:58  Adept x2  
  100  8:02  Adept x2  
  93  8:18  Adept x3  
  93  8:19  Adept  
  85  8:35  Nexus  
  85  8:38  Pylon  
  77  8:49  Adept x4  
  77  8:53  Pylon  
  77  8:55  Pylon  
  85  8:56  Pylon  
  85  8:57  Phoenix  
  85  8:58  Pylon  
  85  9:09  Nexus, Pylon  
  84  9:17  Adept x4  
  84  9:19  Phoenix  
  88  9:24  Adept x2  
  84  9:33  Adept x2  
  79  9:42  Adept x3  

Tags
 
Add a new tag
Caveats
  • Supply blocks, unpowered buildings, or Contaminate may cause inaccurate times.
  • Supply counts are checked every 10 seconds.